 Dungeon Crawl Stone Soup version 0.17-a0-1719-g1afd5a1 (webtiles) character file.

163026 kroki the Spry (level 17, -1/124 HPs)
             Began as an Octopode Berserker on Aug 27, 2015.
             Was the Champion of Trog.
             Blown up by an orb spider (57 damage)
             ... with an orb of destruction
             ... on level 2 of the Spider Nest.
             The game lasted 01:56:19 (66788 turns).

kroki the Spry (Octopode Berserker)                Turns: 66788, Time: 01:56:20

Health: -1/124     AC: 10    Str: 30    XL:     17   Next: 82%
Magic:  8/8        EV: 18    Int: 14    God:    Trog [******]
Gold:   749        SH: 16    Dex: 17    Spells: 0 memorised, 16 levels left

rFire  + + .     SeeInvis +     W - +9 eveningstar (antimagic)
rCold  + + .     Clarity  .     o - +2 shield of Resistance {rF+ rC+ MR+}
rNeg   . . .     SustAt   .     L - +2 hat
rPois  .         Gourm    .     a - amulet of regeneration {+regen, !d}
rElec  +         Spirit   .     Q - ring of protection from fire {rF+, !d}
rCorr  .         Warding  .     A - ring of protection from magic {MR+, !d}
rMut   .         Stasis   .     G - ring of invisibility {+Inv, !d}
MR     +++++                    I - +3 ring of protection
Stlth  ++++++....               R - ring of protection from magic {MR+, !d}
                                l - ring of see invisible {sInv, !d}
                                Y - ring "Miatysen" {MR+ Str+4 Int+5}
                                D - ring "Hovigrer" {rC+ Str+8}

@: almost entirely resistant to hostile enchantments, very stealthy
A: almost no armour, amphibious, 8 rings, constrict 8, iridescent scales 1,
camouflage 1, electricity resistance, spit poison 1, gelatinous body 1
a: Spit Poison, Burn Spellbooks, Berserk, Trog's Hand, Brothers in Arms,
Renounce Religion, Evoke Invisibility


You were on level 2 of the Spider Nest.
You worshipped Trog.
Trog was exalted by your worship.
You were not hungry.

You visited 6 branches of the dungeon, and saw 36 of its levels.
You also visited: Labyrinth and Sewer.

You collected 4059 gold pieces.
You spent 3310 gold pieces at shops.

Inventory:

Hand weapons
 W - a +9 antimagic eveningstar (weapon)
   (Trog gifted it to you on level 4 of the Orcish Mines)
Missiles
 k - 6 throwing nets (quivered) {=f, !d}
 r - 11 curare-tipped needles
 K - 8 javelins of penetration
Armour
 o - the +2 shield of Resistance (worn) {rF+ rC+ MR+}
   (You bought it in a shop on level 3 of the Elven Halls)

   It protects you from fire.
   It protects you from cold.
   It affects your resistance to hostile enchantments.
 L - a +2 hat (worn)
   (You found it on level 8 of the Dungeon)
Jewellery
 a - an amulet of regeneration (around mantle) {+regen, !d}
   (You found it on level 2 of the Swamp)
 l - a ring of see invisible (on tentacle) {sInv, !d}
   (You took it off an orc warrior on level 2 of the Orcish Mines)
 A - a ring of protection from magic (right tentacle) {MR+, !d}
   (You found it on level 2 of the Elven Halls)
 D - the ring "Hovigrer" (on tentacle) {rC+ Str+8}
   (You found it on level 15 of the Dungeon)

   [ring of protection from cold]

   It affects your strength (+8).
   It protects you from cold.
 E - the amulet of Greed {Gourm rElec Dex+2}
   (You acquired it on level 4 of the Orcish Mines)

   [amulet of the gourmand]

   It allows you to eat raw meat even when not hungry.
   It affects your dexterity (+2).
   It insulates you from electricity.
 G - a ring of invisibility (on tentacle) {+Inv, !d}
   (You found it on level 5 of the Lair of Beasts)
 I - a +3 ring of protection (on tentacle)
   (You found it on level 12 of the Dungeon)
 N - an uncursed amulet of clarity {Clar, !d}
   (You took it off a crimson imp on level 9 of the Dungeon)
 Q - a ring of protection from fire (left tentacle) {rF+, !d}
   (You found it on level 2 of the Elven Halls)
 R - a ring of protection from magic (on tentacle) {MR+, !d}
   (You took it off an orc priest on level 9 of the Dungeon)
 Y - the ring "Miatysen" (on tentacle) {MR+ Str+4 Int+5}
   (You found it in a labyrinth)

   [ring of intelligence]

   It affects your strength (+4).
   It affects your intelligence (+5).
   It affects your resistance to hostile enchantments.
Magical devices
 j - a wand of draining (3)
   (You found it on level 3 of the Lair of Beasts)
 q - a wand of digging (15)
   (You found it on level 8 of the Lair of Beasts)
 w - a wand of disintegration (9)
   (You found it on level 13 of the Dungeon)
 x - a wand of disintegration (12)
   (You found it on level 1 of the Spider Nest)
 J - a wand of disintegration (11)
   (You found it on level 8 of the Dungeon)
 P - a wand of cold (6)
   (You found it on level 1 of the Spider Nest)
Scrolls
 e - 5 scrolls of enchant armour
 h - 5 scrolls of magic mapping {!r}
 v - a scroll of holy word {!r}
 C - 3 scrolls of summoning
 O - 2 scrolls of identify
 S - 2 scrolls of fog
 T - 2 scrolls of blinking {!r}
 U - 13 scrolls of remove curse
 V - a scroll of fear
 X - 9 scrolls of teleportation
Potions
 d - 10 potions of agility
 f - a potion of cancellation
 i - 2 potions of cure mutation {!q}
 m - 6 potions of might
 n - 3 potions of flight
 p - 5 potions of brilliance
 s - 17 potions of heal wounds
 t - a potion of resistance
 u - 2 potions of haste
 z - 2 potions of invisibility
 B - 3 potions of lignification {!q}
 M - 3 potions of magic
 Z - 8 potions of curing
Books
 g - a book of the Warp
   (You found it on level 1 of the Spider Nest)
Miscellaneous
 c - a phantom mirror
 y - a fan of gales
   (You found it on level 8 of the Lair of Beasts)
 F - a phial of floods
   (You found it on level 6 of the Lair of Beasts)
Comestibles
 b - 16 bread rations {@e1}
 H - 9 meat rations {@e2}


   Skills:
 - Level 13.8 Fighting
   Level 7.4 Long Blades
 + Level 15.2 Maces & Flails
 - Level 6.7 Throwing
 - Level 15.2 Dodging
 - Level 8.4 Stealth
 * Level 12.5 Shields
 - Level 9.6 Evocations


You had 16 spell levels left.
You didn't know any spells.

Dungeon Overview and Level Annotations

Branches:
Dungeon (15/15)            Temple (0/1) D:4            Lair (8/8) D:11
  Swamp (4/4) Lair:4       Spider (2/4) Lair:3        Slime (0/6) Lair:6
    Orc (4/4) D:10            Elf (3/3) Orc:3        Vaults (0/5) D:13
 Depths (0/5) D:15

Altars:
Cheibriados
Dithmenos
Gozag
Kikubaaqudgha
Nemelex Xobeh
Okawaru
Ru
Sif Muna
Vehumet
Zin
The Shining One
Beogh
Jiyva

Shops:
D:6 %   D:10 (!   D:14 ?   Orc:4 *%?*   Elf:3 [

Annotations:
Lair:7 exclusion: oklob plant
Elf:2 5 runed doors


Innate Abilities, Weirdness & Mutations

You cannot wear most types of armour.
You are amphibious.
You can wear up to eight rings at the same time.
You can use your tentacles to constrict eight enemies at once.
Your skin changes colour to match your surroundings (Stealth).
Your rubbery body absorbs attacks (AC +1).
You are partially covered in iridescent scales (AC +4).
You are resistant to electric shocks.
You can spit weak poison.


Message History

You feel very sick.
You continue eating.
You feel sick.
You continue eating.
You feel very sick.
You finish eating.
That meat ration really hit the spot!
You take 6 damage, and have 78/124 hp.
Unknown command.
You start resting.
You feel sick.
You feel very sick.
You feel sick. x25
You are no longer poisoned.
You take 4 damage, and have 74/124 hp.
You start resting.
Unknown command.
Health restored: 124 You found a web!
You block the trapdoor spider's attack. The trapdoor spider bites you.
You take 6 damage, and have 118/124 hp.
A trapdoor spider is nearby!
A trapdoor spider is nearby!
A trapdoor spider is nearby!
A trapdoor spider is nearby!
A trapdoor spider is nearby!
You impale the trapdoor spider!! You grab the trapdoor spider.
You constrict the trapdoor spider. You block the trapdoor spider's attack.
You impale the trapdoor spider!!
You kill the trapdoor spider!
Trog accepts your kill.
There is a stone staircase leading down here.
s - 17 potions of heal wounds (gained 1) Done exploring.
Health restored: 124 Done exploring.
Done exploring.
Done exploring.
You see here 18 stones.
There is a stone staircase leading down here.
You climb downwards.
Found 21 gold pieces.
Found an escape hatch in the ceiling.
There is a stone staircase leading up here.
You can't go down here!
You can't go down here!
Unknown command.
An orb spider comes into view.
You see here 21 gold pieces.
An orb spider is nearby!
An orb spider is nearby!
An orb spider is nearby!
You enter a teleport trap!
The teleport trap disappears.
Your surroundings suddenly seem different. 2 jumping spiders, a redback and a torpor snail come into view.
Found 25 gold pieces.
Found an escape hatch in the floor.
Being near the torpor snail leaves you feeling lethargic.
You found a shaft!
You block the redback's attack.
You impale the redback!! You grab the redback. You constrict the redback.
The redback misses you.
You crush the redback like a grape!!!
You kill the redback!
Trog accepts your kill.
You bludgeon the torpor snail!! You squeeze the torpor snail.
You hear an angry hiss.
You block the torpor snail's attack.
You impale the torpor snail!!
You squeeze the torpor snail, but do no damage.
You completely miss the torpor snail. The torpor snail bites you!
The jumping spider leaps!
You take 7 damage, and have 117/124 hp.
You impale the torpor snail!!
You kill the torpor snail!
Trog accepts your kill.
You feel yourself speed up.
The jumping spider is sucked into a shaft!
The shaft crumbles and collapses.
The jumping spider leaps!
You hit the jumping spider. Your grab misses the jumping spider.
The jumping spider barely misses you. x2
You pound the jumping spider like an anvil!!!
You kill the jumping spider!
Trog accepts your kill.
The orb spider hisses angrily.
The orb spider begins to weave its threads into a brightly glowing ball.
Health restored: 124 The orb spider weaves a glowing orb of energy.
Unknown command.
The orb spider begins to weave its threads into a brightly glowing ball.
The orb of destruction hits you!
You see here a torpor snail corpse.
You take 37 damage, and have 87/124 hp.
MASSIVE DAMAGE!!
The orb spider weaves a glowing orb of energy.
The orb of destruction hits you!
The orb spider begins to weave its threads into a brightly glowing ball.
You take 34 damage, and have 54/124 hp.
MASSIVE DAMAGE!!
The orb spider weaves a glowing orb of energy.
The orb spider spins a strand of pure energy.
There is an escape hatch in the ceiling here.
The orb of destruction hits you!
You die...

.......
.......##
........#
........## ###
.........# #≈##
........#####..#
.........#.#..<#
.....#.#......##
.....≈≈#.....@.#
...#≈#.#s§§§§..#
....#..#.....###
.... $.#...^##
.. ...#....##
..........#
.).#..##†###
...........##
............#


You could see an orb spider.

Vanquished Creatures
  A frost giant (D:15)
  Maud (D:14)
  An orc warlord (Orc:2)
  A deep elf sorcerer (Elf:1)
  Louise (D:15)
  An emperor scorpion (Spider:1)
  3 fire dragons
  A deep elf high priest (Elf:1)
  Josephine (Orc:3)
  An entropy weaver (Spider:1)
  13 hydras
  A yaktaur captain (D:15)
  2 centaur warriors (D:15)
  4 alligators
  2 ghost crabs
  2 dancing weapons (Elf:2)
  A tengu warrior (D:15)
  2 death yaks (Lair:7)
  8 orc high priests
  5 deep elf knights
  3 unseen horrors
  A swamp dragon (Swamp:3)
  5 deep elf summoners
  7 hill giants
  A wizard (D:15)
  A necromancer (D:15)
  8 deep elf conjurers
  6 orb spiders (Spider:1)
  5 orc knights
  6 cyclopes
  16 slime creatures
  8 orc sorcerers
  6 ugly things (D:15)
  4 wolf spiders
  A griffon (Lair:4)
  9 black mambas
  4 centaur zombies
  9 elephants
  A guardian serpent (Lair:8)
  2 gargoyles
  A torpor snail (Spider:2)
  A naga mage (D:15)
  22 spiny frogs
  8 komodo dragons
  5 demonic crawlers (Spider:1)
  5 fire drakes
  9 jumping spiders
  A merfolk (D:10)
  11 trolls
  9 deep elf priests
  5 two-headed ogres
  2 polar bears
  Prince Ribbit (D:8)
  A queen bee (shapeshifter) (D:15)
  4 bog bodies
  4 giant leeches
  18 blink frogs
  12 redbacks
  2 centaur simulacra (D:15)
  3 spriggans
  7 wyverns
  3 trapdoor spiders (Spider:1)
  6 tarantellas (Spider:1)
  A hog (shapeshifter) (D:15)
  5 wraiths
  5 shadows
  2 hungry ghosts
  46 yaks
  11 deep elf magi
  6 vampire mosquitoes
  A human (D:10)
  12 deep elf fighters
  13 hippogriffs
  8 basilisks
  3 steam dragons
  13 porcupines
  23 swamp worms
  16 insubstantial wisps
  11 wolves
  4 wargs
  26 water moccasins
  2 soldier ants
  4 mottled dragons
  6 sky beasts
  Duvessa (D:5)
  30 spiders
  A black bear (Lair:3)
  Purgy (Sewer)
  8 ice beasts
  20 ogres
  2 eyes of draining
  19 swamp drakes
  6 wasps
  64 orc warriors
  A black bear (shapeshifter) (Elf:1)
  2 phantoms
  9 centaurs
  6 necrophages (Lair:5)
  5 big kobolds
  17 crocodiles
  23 giant frogs
  2 brain worms
  Dowan (D:5)
  5 scorpions
  2 wyvern skeletons
  5 killer bees
  A vampire bat (Orc:1)
  4 electric eels
  52 orc wizards
  A quasit (D:11)
  8 crimson imps
  53 orc priests
  5 centaur skeletons
  12 iguanas
  3 jellies
  4 hounds
  4 giant frog skeletons
  17 worker ants
  30 sheep
  2 hound skeletons
  5 hound zombies
  2 worker ant zombies
  4 gnolls (D:9)
  80 river rats
  28 adders
  5 shadow imps
  3 adder zombies
  An adder skeleton (D:6)
  A worm (D:4)
  9 giant geckos
  318 orcs
  A ball python (D:1)
  17 bats
  9 hobgoblins
  17 jackals
  34 kobolds
  8 giant cockroaches
  5 giant newts
  8 goblins
  2 jackal zombies
  3 quokkas
  A quokka skeleton (D:5)
  8 rats
  2 fungi
  2 plants
1512 creatures vanquished.

Vanquished Creatures (collateral kills)
  Rupert (Lair:3)
  An orc warlord (Orc:4)
  A minotaur (Lab)
  A hydra (Lair:1)
  A death yak (Lair:7)
  The ghost of George the Carver, an experienced MiGl of Okawaru (D:9)
  An ugly thing (D:7)
  A spiny frog (Lair:1)
  A slime creature (D:13)
  3 yaks
  A hippogriff (Lair:4)
  A porcupine (Lair:3)
  6 orc warriors
  3 sheep (Lair:3)
  10 orcs
33 creatures vanquished.

Vanquished Creatures (others)
  58 fungi
  45 plants
103 creatures vanquished.

Grand Total: 1648 creatures vanquished

Notes
Turn   | Place    | Note
--------------------------------------------------------------
     0 | D:1      | kroki the Octopode Berserker began the quest for the Orb.
     0 | D:1      | Reached XP level 1. HP: 16/16 MP: 1/1
    81 | D:1      | Reached XP level 2. HP: 21/21 MP: 2/2
   274 | D:1      | Reached skill level 1 in Stealth
   448 | D:1      | Reached XP level 3. HP: 26/26 MP: 3/3
   598 | D:1      | Acquired Trog's second power
   871 | D:2      | Reached skill level 2 in Stealth
   871 | D:2      | Reached XP level 4. HP: 26/31 MP: 4/4
  1376 | D:2      | Reached skill level 4 in Long Blades
  1536 | D:2      | Found a deep blue altar of Sif Muna.
  1676 | D:2      | Found a glowing golden altar of the Shining One.
  1810 | D:3      | Found an iron altar of Okawaru.
  1899 | D:3      | Reached XP level 5. HP: 25/36 MP: 5/5
  2703 | D:4      | Reached skill level 4 in Dodging
  2703 | D:4      | Reached skill level 3 in Stealth
  2811 | D:4      | Noticed an ogre
  2821 | D:4      | Reached XP level 6. HP: 43/43 MP: 6/6
  2911 | D:4      | Found a radiant altar of Vehumet.
  2936 | D:4      | Reached skill level 4 in Fighting
  3239 | D:4      | Noticed a phantom
  3287 | D:4      | Killed a phantom
  3287 | D:4      | Reached skill level 4 in Stealth
  3653 | D:4      | Found a staircase to the Ecumenical Temple.
  4020 | D:4      | Killed an ogre
  4020 | D:4      | Reached skill level 5 in Long Blades
  4020 | D:4      | Reached XP level 7. HP: 49/49 MP: 7/7
  4057 | D:5      | Entered Level 5 of the Dungeon
  4196 | D:5      | HP: 17/73 [something (5)]
  4276 | D:5      | Reached skill level 5 in Dodging
  4398 | D:5      | Reached skill level 5 in Stealth
  4569 | D:5      | Reached skill level 5 in Fighting
  4674 | D:5      | Reached XP level 8. HP: 55/55 MP: 8/8
  4726 | D:5      | Reached skill level 6 in Stealth
  4781 | D:5      | Noticed Duvessa
  4799 | D:5      | Noticed Dowan
  4903 | D:5      | Killed Duvessa
  4903 | D:5      | Reached skill level 6 in Long Blades
  4904 | D:5      | Killed Dowan
  5553 | D:5      | Found a glowing silver altar of Zin.
  5855 | D:5      | Acquired Trog's third power
  5855 | D:5      | Reached skill level 6 in Dodging
  5988 | D:6      | Found a shadowy altar of Dithmenos.
  6018 | D:6      | Reached skill level 6 in Fighting
  6095 | D:6      | Reached skill level 7 in Stealth
  6124 | D:6      | Reached XP level 9. HP: 50/62 MP: 9/9
  6150 | D:6      | Found Qoniet's Food Boutique.
  6192 | D:6      | Found a snail-covered altar of Cheibriados.
  6391 | D:6      | Found a glowing drain.
  6446 | Sewer    | Entered a sewer
  6733 | Sewer    | Noticed Purgy
  6737 | Sewer    | Killed Purgy
  6737 | Sewer    | Reached skill level 7 in Long Blades
  7231 | D:6      | Found a sparkling altar of Nemelex Xobeh.
  7679 | D:6      | Found a sparkling altar of Nemelex Xobeh.
  7679 | D:6      | Found an opulent altar of Gozag.
  7891 | D:7      | Found an opulent altar of Gozag.
  7923 | D:7      | Reached skill level 7 in Dodging
  8004 | D:7      | Reached skill level 7 in Fighting
  8057 | D:7      | Received a gift from Trog
  8340 | D:7      | HP: 16/64 [killer bee (8)]
  8355 | D:6      | HP: 13/64 [killer bee (5)]
  8811 | D:7      | Noticed a purple ugly thing
  8812 | D:7      | Reached skill level 1 in Maces & Flails
  8822 | D:6      | Reached skill level 8 in Stealth
  9018 | D:7      | Killed a purple ugly thing
  9018 | D:7      | Reached skill level 2 in Maces & Flails
  9301 | D:7      | Reached XP level 10. HP: 50/72 MP: 10/10
  9691 | D:8      | Reached skill level 8 in Dodging
  9819 | D:8      | Noticed Prince Ribbit
  9842 | D:8      | Reached skill level 3 in Maces & Flails
  9844 | D:8      | Reached skill level 8 in Fighting
  9936 | D:8      | Killed Prince Ribbit
 10400 | D:8      | Found an ancient bone altar of Kikubaaqudgha.
 10729 | D:8      | Reached skill level 4 in Maces & Flails
 12000 | D:9      | Reached skill level 9 in Dodging
 12111 | D:9      | Found a sacrificial altar of Ru.
 12119 | D:9      | Reached skill level 9 in Fighting
 12189 | D:9      | Reached skill level 5 in Maces & Flails
 12576 | D:9      | Noticed George's ghost (experienced MiGl)
 12709 | D:9      | Killed George's ghost
 12709 | D:9      | Reached XP level 11. HP: 38/80 MP: 11/11
 13138 | D:9      | Reached skill level 6 in Maces & Flails
 13350 | D:10     | Entered Level 10 of the Dungeon
 13359 | D:10     | Noticed a hill giant
 13376 | D:10     | Killed a hill giant
 14829 | D:10     | Found a staircase to the Orcish Mines.
 14868 | D:10     | Reached skill level 10 in Fighting
 14873 | D:10     | Reached skill level 10 in Dodging
 15124 | D:10     | Found Rohulyed's Weapon Shoppe.
 15131 | D:10     | Found Ochecwea's Distillery.
 15446 | D:11     | Noticed a hill giant
 15476 | Orc:1    | Entered Level 1 of the Orcish Mines
 15603 | Orc:1    | Found a roughly hewn altar of Beogh.
 16161 | Orc:1    | Reached skill level 7 in Maces & Flails
 17284 | Orc:2    | Noticed an orc warlord
 17336 | Orc:2    | Killed an orc warlord
 17361 | Orc:2    | Received a gift from Trog
 17822 | Orc:2    | Noticed an orc knight
 17891 | Orc:2    | Killed an orc knight
 18171 | Orc:2    | HP: 17/82 [orc warrior/halberd (18)]
 18176 | Orc:2    | HP: 15/82 [orc warrior/halberd (4)]
 18185 | Orc:2    | HP: 6/82 [orc warrior/halberd (20)]
 19135 | Orc:2    | Found a roughly hewn altar of Beogh.
 19136 | Orc:2    | Noticed an orc high priest
 19147 | Orc:2    | Noticed a soul eater
 20211 | Orc:2    | Killed an orc high priest
 20211 | Orc:2    | Reached skill level 11 in Fighting
 20211 | Orc:2    | Reached skill level 11 in Dodging
 20211 | Orc:2    | Reached XP level 12. HP: 90/90 MP: 12/12
 20858 | Orc:2    | Noticed an orc knight
 21260 | Orc:2    | Killed an orc knight
 22877 | Orc:3    | Found a staircase to the Elven Halls.
 22889 | Orc:3    | Received a gift from Trog
 23055 | Orc:2    | HP: 17/90 [orc wizard/puff of flame (7)]
 23880 | Orc:4    | Entered Level 4 of the Orcish Mines
 23936 | Orc:3    | HP: 20/91 [rust devil[an orc sorcerer] (9)]
 24846 | D:7      | Reached skill level 12 in Fighting
 25347 | D:11     | Found a staircase to the Lair.
 25527 | D:11     | Reached skill level 1 in Throwing
 25775 | D:11     | Reached skill level 2 in Throwing
 25942 | D:11     | Reached skill level 3 in Throwing
 26454 | D:11     | Killed a hill giant
 26454 | D:11     | Reached skill level 4 in Throwing
 26728 | Lair:1   | Entered Level 1 of the Lair of Beasts
 26975 | Lair:1   | Received a gift from Trog
 26993 | Lair:1   | Reached skill level 5 in Throwing
 27723 | Lair:1   | Reached skill level 6 in Throwing
 27756 | Lair:1   | Received a gift from Trog
 28218 | Lair:1   | Noticed a seven-headed hydra
 28233 | Lair:1   | Killed a seven-headed hydra
 28233 | Lair:1   | Reached XP level 13. HP: 40/97 MP: 13/13
 28263 | Lair:1   | HP: 9/97 [yak (17)]
 28275 | Lair:1   | HP: 12/97 [yak (9)]
 28373 | Lair:1   | Reached skill level 12 in Dodging
 30418 | Lair:2   | Received a gift from Trog
 31370 | Lair:2   | Received a gift from Trog
 31438 | Lair:3   | Noticed Rupert
 31585 | Lair:3   | Found a labyrinth entrance.
 31598 | Lab      | Entered a labyrinth
 32385 | Lab      | Noticed a minotaur
 32387 | Lab      | Killed a minotaur
 32387 | Lab      | Reached skill level 13 in Dodging
 32390 | Lab      | Got a scintillating pewter ring
 32392 | Lab      | Identified the ring "Miatysen" {MR+ Str+4 Int+5} (You found it in a labyrinth)
 32700 | Lair:3   | Received a gift from Trog
 33306 | Lair:3   | Found a hole to the Spider Nest.
 34528 | Lair:4   | Reached skill level 13 in Fighting
 35765 | Lair:4   | Reached skill level 14 in Dodging
 35767 | Lair:4   | HP: 19/99 [porcupine's spines (13)]
 35768 | Lair:4   | HP: 4/99 [porcupine's spines (15)]
 36654 | Lair:4   | Found a staircase to the Swamp.
 36693 | Lair:4   | HP: 17/99 [swamp worm (21)]
 37819 | Lair:1   | Reached XP level 14. HP: 95/106 MP: 14/14
 39187 | Orc:4    | Received a gift from Trog
 39342 | Orc:4    | Noticed Josephine
 39361 | Orc:3    | Killed Josephine
 39711 | Orc:4    | Received a gift from Trog
 39836 | Orc:4    | Noticed an orc high priest
 41027 | Orc:4    | Received a gift from Trog
 41037 | Orc:4    | Reached skill level 8 in Maces & Flails
 41498 | Orc:4    | Reached skill level 9 in Maces & Flails
 41635 | Orc:4    | Found a roughly hewn altar of Beogh.
 41636 | Orc:4    | Found Ocrurai's Assorted Antiques.
 41641 | Orc:4    | Killed an orc high priest
 41956 | Orc:4    | Found Fynk's Food Shoppe.
 42028 | Orc:4    | Bought a scroll of identify for 60 gold pieces
 42028 | Orc:4    | Bought a glass wand for 120 gold pieces
 42028 | Orc:4    | Bought a viscous silvery potion for 27 gold pieces
 42080 | Orc:4    | Noticed an orc warlord
 42091 | Orc:4    | Killed an orc warlord
 42112 | Orc:4    | Received a gift from Trog
 42113 | Orc:4    | HP: 26/106 [orc warrior/tomahawk (13)]
 42116 | Orc:4    | HP: 9/106 [soul eater/drain life[an orc high priest] (8)]
 42121 | Orc:4    | HP: 20/106 [orc warrior/war axe[an orc warlord] (7)]
 42666 | Orc:4    | Noticed an orc high priest
 42687 | Orc:4    | Gained mutation: You occasionally shout uncontrollably at your foes. [a neqoxec]
 42913 | Orc:4    | Noticed an orc high priest
 42923 | Orc:4    | Killed an orc high priest
 42923 | Orc:4    | Reached skill level 10 in Maces & Flails
 42977 | Orc:4    | Killed an orc high priest
 43047 | Orc:4    | Noticed an orc high priest
 43054 | Orc:4    | Killed an orc high priest
 43055 | Orc:4    | Noticed an orc high priest
 43358 | Orc:4    | Found Kamemi's Assorted Antiques.
 43377 | Orc:4    | Bought a diamond ring for 155 gold pieces
 43377 | Orc:4    | Bought a scroll of identify for 62 gold pieces
 43377 | Orc:4    | Bought a yellow potion for 27 gold pieces
 43399 | Orc:4    | Found a roughly hewn altar of Beogh.
 43416 | Orc:4    | Found Kusaet's Magic Scroll Emporium.
 43425 | Orc:4    | Bought a scroll of acquirement for 520 gold pieces
 43426 | Orc:4    | Got a clouded sapphire amulet
 43428 | Orc:4    | Identified the amulet of Greed {Gourm rElec Dex+2} (You acquired it on level 4 of the Orcish Mines)
 43429 | Orc:4    | Bought a scroll of teleportation for 30 gold pieces
 43429 | Orc:4    | Bought a scroll of identify for 20 gold pieces
 43447 | Orc:4    | Noticed an orc high priest
 43680 | Orc:4    | Killed an orc high priest
 43704 | Orc:4    | Noticed an orc high priest
 43713 | Orc:4    | Killed an orc high priest
 43713 | Orc:4    | Received a gift from Trog
 43845 | Orc:4    | Killed an orc high priest
 44344 | Lair:5   | Received a gift from Trog
 44344 | Lair:5   | Reached skill level 11 in Maces & Flails
 44403 | Lair:5   | Reached skill level 1 in Evocations
 44669 | Lair:5   | Lost mutation: You occasionally shout uncontrollably at your foes. [potion of cure mutation]
 44689 | Lair:5   | Reached skill level 2 in Evocations
 45214 | Lair:5   | Reached skill level 3 in Evocations
 45289 | Lair:6   | Received a gift from Trog
 45607 | Lair:6   | Found a staircase to the Slime Pits.
 45607 | Lair:6   | Found a viscous altar of Jiyva.
 45754 | Lair:6   | Reached skill level 4 in Evocations
 45827 | Lair:6   | Reached XP level 15. HP: 100/111 MP: 6/18
 46317 | Lair:7   | Reached skill level 5 in Evocations
 46721 | Lair:7   | Reached skill level 6 in Evocations
 47457 | Lair:8   | Entered Level 8 of the Lair of Beasts
 47781 | Lair:8   | Reached skill level 7 in Evocations
 47786 | Lair:8   | Reached skill level 12 in Maces & Flails
 48121 | Lair:8   | Received a gift from Trog
 48583 | Lair:8   | Reached skill level 8 in Evocations
 49057 | Lair:8   | Received a gift from Trog
 49958 | Lair:8   | Reached skill level 9 in Evocations
 50759 | Lair:8   | HP: 21/111 [seven-headed hydra (14)]
 51271 | Lair:8   | Received a gift from Trog
 51847 | Elf:1    | Entered Level 1 of the Elven Halls
 52433 | Elf:1    | Reached skill level 1 in Shields
 52435 | Elf:1    | Received a gift from Trog
 52717 | Elf:1    | Reached skill level 2 in Shields
 52808 | Elf:1    | Noticed a deep elf sorcerer
 52826 | Elf:1    | Killed a deep elf sorcerer
 52826 | Elf:1    | Reached skill level 3 in Shields
 53344 | Elf:2    | Reached skill level 4 in Shields
 53416 | Elf:2    | Reached XP level 16. HP: 87/117 MP: 7/23
 53444 | Elf:2    | Reached skill level 15 in Dodging
 53942 | Elf:2    | Reached skill level 13 in Maces & Flails
 53943 | Elf:2    | Found a huge runed gate.
 53943 | Elf:2    | Found a huge runed gate.
 53943 | Elf:2    | Found a huge runed gate.
 53943 | Elf:2    | Found a huge runed gate.
 53943 | Elf:2    | Found a huge runed gate.
 54652 | Elf:3    | Entered Level 3 of the Elven Halls
 55061 | Elf:3    | Found Pige's Antique Armour Shoppe.
 55067 | Elf:3    | Bought the +2 shield of Resistance {rF+ rC+ MR+} for 1726 gold pieces
 56318 | D:12     | Noticed a four-headed hydra
 56326 | D:12     | Killed a four-headed hydra
 56581 | D:12     | Reached skill level 5 in Shields
 57640 | D:13     | Found a gate to the Vaults.
 57731 | D:14     | Noticed Maud
 57741 | D:14     | Killed Maud
 57826 | D:14     | Reached skill level 6 in Shields
 58145 | D:14     | Received a gift from Trog
 58214 | D:14     | Found Sasyfeomm's Magic Scroll Shop.
 58223 | D:14     | Bought a scroll of identify for 24 gold pieces
 58223 | D:14     | Bought a scroll of identify for 24 gold pieces
 58223 | D:14     | Bought a scroll of blinking for 90 gold pieces
 58223 | D:14     | Bought a scroll of magic mapping for 42 gold pieces
 58724 | D:15     | Entered Level 15 of the Dungeon
 58899 | D:15     | Reached skill level 7 in Shields
 59110 | D:15     | Reached skill level 8 in Shields
 59127 | D:15     | Got a faintly glowing copper ring
 59128 | D:15     | Identified the ring "Hovigrer" {rC+ Str+8} (You found it on level 15 of the Dungeon)
 59247 | D:15     | Noticed Louise
 59260 | D:15     | Killed Louise
 59260 | D:15     | Reached skill level 14 in Maces & Flails
 59597 | D:15     | Found a staircase to the Depths.
 59605 | D:15     | Reached skill level 9 in Shields
 59980 | D:15     | Reached XP level 17. HP: 113/124 MP: 8/24
 60180 | D:10     | Bought a potion of heal wounds for 65 gold pieces
 60180 | D:10     | Bought a potion of curing for 39 gold pieces
 60180 | D:10     | Bought a potion of curing for 39 gold pieces
 60180 | D:10     | Bought 2 potions of agility for 104 gold pieces
 60180 | D:10     | Bought a potion of heal wounds for 65 gold pieces
 60180 | D:10     | Bought a potion of curing for 39 gold pieces
 60180 | D:10     | Bought a potion of mutation for 32 gold pieces
 60180 | D:10     | Gained mutation: You are partially covered in iridescent scales (AC +4). [potion of mutation]
 60180 | D:10     | Gained mutation: You can spit weak poison. [potion of mutation]
 60180 | D:10     | Gained mutation: You are resistant to electric shocks. [potion of mutation]
 60379 | Swamp:1  | Entered Level 1 of the Swamp
 61488 | Swamp:1  | Received a gift from Trog
 61495 | Swamp:1  | Reached skill level 10 in Shields
 62372 | Swamp:1  | HP: 31/124 [poisoned by a spiny frog]
 62378 | Swamp:1  | HP: 30/124 [poisoned by a spiny frog]
 62384 | Swamp:1  | HP: 29/124 [poisoned by a spiny frog]
 62392 | Swamp:1  | HP: 30/124 [poisoned by a spiny frog]
 63538 | Swamp:2  | Reached skill level 11 in Shields
 64292 | Swamp:3  | Received a gift from Trog
 64844 | Swamp:4  | Entered Level 4 of the Swamp
 65329 | Lair:3   | Killed Rupert
 65353 | Spider:1 | Entered Level 1 of the Spider Nest
 65608 | Spider:1 | Received a gift from Trog
 65790 | Spider:1 | Reached skill level 12 in Shields
 65795 | Spider:1 | Reached skill level 15 in Maces & Flails
 65797 | Spider:1 | Received a gift from Trog
 66556 | Spider:1 | Received a gift from Trog
 66788 | Spider:2 | Blown up by an orb spider

Vault maps used:
D:1:      shiori_arrival_oz
D:2:      minmay_door_path, tso_altar, led_sif_pool, kennysheep_generic_room_14
D:3:      okawaru_trees_1, st_stairs_11, hangedman_decor_growths
D:4:      old_standard_altar, minmay_temple_entry_glass, first_bread
D:5:      kennysheep_mini_moat, uniq_duvessa
D:6:      grunt_dithmenos_smoke, grunt_temple_overflow_opulence,
          nicolae_overflow_hidden_temple, serial_shops, shop,
          portal_sewer_entry_f, minivault_26, nemelex_lonely_heart_becter
D:7:      basic_altar
D:8:      nicolae_overflow_crystal_walls, uniq_prince_ribbit1
D:9:      overflow_temple_1_default
D:10:     erik_orc_4, serial_shops, shop, nicolae_shop_crystal,
          hangedman_fish_farm, st_stairs_9
D:11:     lair_0_dummy
D:13:     serial_bayou_pond_a, spider_trap
D:14:     serial_shops, shop, uniq_maud
D:15:     grunt_enter_depths_magical_seal, dk_noncrumbling_4, minivault_12,
          uniq_louise
Lair:1:   pond
Lair:3:   nicolae_spider_entry_tight_spaces, lab_entry_generic,
          grunt_megastairs_4, uniq_rupert
Lair:4:   nicolae_swamp_entry_splash_gauntlet, roderic_lost_polar_bear
Lair:5:   roderic_carrion_pond, serial_bayou_shore_a, lemuel_fruit_tree
Lair:6:   slime_altar_1, minivault_26
Lair:8:   hangedman_lair_tendril_chambers, guppyfry_lair_end_dragon
Swamp:1:  evilmike_swamp_ruin_house_6
Swamp:2:  evilmike_swamp_ruin_rubble_1
Swamp:3:  hangedman_swamp_ruin_wall, swamp_pool2
Swamp:4:  swamp_vile
Orc:1:    roderic_batcave, mines1_david
Orc:2:    orc_temple
Orc:3:    nicolae_orc_pool_cavern
Orc:4:    pubby_orc_utopia, serial_shops, uniq_josephine
Elf:1:    kennysheep_underground_church, hex_medium
Elf:3:    minmay_elf_hall, serial_shops, shop, grunt_ministairs_8, uniq_jorgrun
Lab:      nicolae_lab_stuck
Sewer:    kennysheep_door_sewer

Action                   |  1- 3 |  4- 6 |  7- 9 | 10-12 | 13-15 | 16-18 || total
-------------------------+-------+-------+-------+-------+-------+-------++-------
Melee: Falchion          |    56 |   127 |   237 |       |       |       ||   420
       Whip              |       |       |    36 |   862 |   505 |       ||  1403
       Blowgun           |       |       |       |     2 |       |       ||     2
       Eveningstar       |       |       |       |       |   907 |   841 ||  1748
 Fire: Blowgun           |       |       |    20 |   370 |   267 |       ||   657
Throw: Javelin           |       |       |       |    43 |     7 |       ||    50
       Throwing net      |       |       |       |     2 |     1 |       ||     3
Invok: Berserk           |     1 |     3 |    12 |    26 |    17 |     5 ||    64
       Trog's Hand       |       |       |     2 |     2 |     9 |     3 ||    16
       Brothers in Arms  |       |       |     1 |     5 |     7 |     1 ||    14
       Burn Spellbooks   |       |       |       |       |     1 |     1 ||     2
 Abil: Evoke Invisibilit |       |       |       |       |    14 |     9 ||    23
Evoke: Wand              |       |       |       |     6 |     5 |     4 ||    15
       Fan of gales      |       |       |       |       |       |     1 ||     1
  Use: Scroll            |     4 |     1 |    10 |     9 |    27 |     9 ||    60
       Potion            |       |       |     1 |     3 |     5 |     1 ||    10
 Stab: Sleeping          |     4 |    10 |    15 |    40 |    57 |    35 ||   161
       Distracted        |     1 |     1 |     3 |    14 |    21 |     8 ||    48
       Invisible         |       |       |       |     8 |    17 |    28 ||    53
       Held in net/web   |       |       |       |     1 |       |       ||     1
  Eat: Chunk             |     1 |    11 |    12 |    50 |    62 |    24 ||   160
       Beef jerky        |       |     1 |     2 |       |     5 |     1 ||     9
       Meat ration       |       |       |     3 |     4 |     6 |     4 ||    17
       Royal jelly       |       |       |     1 |     3 |       |       ||     4
       Bread ration      |       |       |       |     2 |     2 |     1 ||     5
       Fruit             |       |       |       |       |     8 |     2 ||    10
       Pizza             |       |       |       |       |       |     1 ||     1

Vault maps used:
D:1:      shiori_arrival_oz
D:2:      minmay_door_path, tso_altar, led_sif_pool, kennysheep_generic_room_14
D:3:      okawaru_trees_1, st_stairs_11, hangedman_decor_growths
D:4:      old_standard_altar, minmay_temple_entry_glass, first_bread
D:5:      kennysheep_mini_moat, uniq_duvessa
D:6:      grunt_dithmenos_smoke, grunt_temple_overflow_opulence,
          nicolae_overflow_hidden_temple, serial_shops, shop,
          portal_sewer_entry_f, minivault_26, nemelex_lonely_heart_becter
D:7:      basic_altar
D:8:      nicolae_overflow_crystal_walls, uniq_prince_ribbit1
D:9:      overflow_temple_1_default
D:10:     erik_orc_4, serial_shops, shop, nicolae_shop_crystal,
          hangedman_fish_farm, st_stairs_9
D:11:     lair_0_dummy
D:13:     serial_bayou_pond_a, spider_trap
D:14:     serial_shops, shop, uniq_maud
D:15:     grunt_enter_depths_magical_seal, dk_noncrumbling_4, minivault_12,
          uniq_louise
Lair:1:   pond
Lair:3:   nicolae_spider_entry_tight_spaces, lab_entry_generic,
          grunt_megastairs_4, uniq_rupert
Lair:4:   nicolae_swamp_entry_splash_gauntlet, roderic_lost_polar_bear
Lair:5:   roderic_carrion_pond, serial_bayou_shore_a, lemuel_fruit_tree
Lair:6:   slime_altar_1, minivault_26
Lair:8:   hangedman_lair_tendril_chambers, guppyfry_lair_end_dragon
Swamp:1:  evilmike_swamp_ruin_house_6
Swamp:2:  evilmike_swamp_ruin_rubble_1
Swamp:3:  hangedman_swamp_ruin_wall, swamp_pool2
Swamp:4:  swamp_vile
Orc:1:    roderic_batcave, mines1_david
Orc:2:    orc_temple
Orc:3:    nicolae_orc_pool_cavern
Orc:4:    pubby_orc_utopia, serial_shops, uniq_josephine
Elf:1:    kennysheep_underground_church, hex_medium
Elf:3:    minmay_elf_hall, serial_shops, shop, grunt_ministairs_8, uniq_jorgrun
Lab:      nicolae_lab_stuck
Sewer:    kennysheep_door_sewer

Table legend:
 A = Turns spent in this place as a percentage of turns spent in the entire game.
 B = Non-inter-level travel turns spent in this place as a percentage of non-inter-level travel turns spent in the entire game.
 C = Inter-level travel turns spent in this place as a percentage of turns spent in this place.
 D = Turns resting spent in this place as a percentage of non-inter-level travel turns spent in this place.
 E = Turns spent auto-exploring this place as a percentage of non-inter-level travel turns spent in this place.
 F = Non-inter-level travel turns spent in this place divided by the number of levels of this place that you've seen.
                   A       B       C       D       E      F
               +-------+-------+-------+-------+-------+----------------------
         Total | 100.0 | 100.0 |   0.5 |   4.9 |   5.7 | 558.2
       Dungeon |  33.6 |  33.6 |   0.6 |   4.7 |   6.7 | 474.6
          Lair |  25.8 |  25.8 |   0.6 |   4.6 |   5.1 | 684.2
         Swamp |   4.7 |   4.8 |   0.4 |   6.1 |   7.4 | 252.0
   Spider Nest |   2.5 |   2.6 |   0.2 |   3.7 |   5.5 | 270.5
  Orcish Mines |  25.4 |  25.4 |   0.4 |   5.8 |   4.8 | 1348.0
   Elven Halls |   3.5 |   3.5 |   0.8 |   4.9 |  10.0 | 250.0
     Labyrinth |   3.9 |   4.0 |   0.0 |   0.2 |   0.0 | 838.0
         Sewer |   0.4 |   0.4 |   0.0 |   6.6 |  14.3 |  91.0
               +-------+-------+-------+-------+-------+----------------------

Table legend:
 A = Kills in this place as a percentage of kills in entire the game.
 B = Kills by you in this place as a percentage of kills by you in the entire game.
 C = Kills by friends in this place as a percentage of kills by friends in the entire game.
 D = Other kills in this place as a percentage of other kills in the entire game.
 E = Experience gained in this place as a percentage of experience gained in the entire game.
 F = Experience gained in this place divided by the number of levels of this place that you have seen.
                   A       B       C       D       E      F
               +-------+-------+-------+-------+-------+----------------------
         Total | 100.0 | 100.0 | 100.0 | 100.0 | 100.0 | 6128.8
       Dungeon |  30.4 |  30.6 |  12.1 | 100.0 |  25.7 | 3985.3
          Lair |  26.0 |  25.9 |  36.4 |   0.0 |  29.6 | 8615.6
         Swamp |   5.8 |   6.0 |   0.0 |   0.0 |  12.0 | 6989.8
   Spider Nest |   4.1 |   4.2 |   0.0 |   0.0 |   8.3 | 9631.0
  Orcish Mines |  30.0 |  29.6 |  48.5 |   0.0 |  14.8 | 8619.5
   Elven Halls |   3.2 |   3.3 |   0.0 |   0.0 |   9.4 | 7270.0
     Labyrinth |   0.1 |   0.0 |   3.0 |   0.0 |   0.2 | 539.0
         Sewer |   0.4 |   0.4 |   0.0 |   0.0 |   0.1 | 142.0
               +-------+-------+-------+-------+-------+----------------------
